 Seeded DCSS version 0.29.1-15-g9cfb28693d (webtiles) character file.

Game seed: 16814609885328743250 (custom seed)

408 Gelion the Sneak (level 7, 0/41 HPs)
             Began as a Kobold Brigand on June 1, 2023.
             Splashed by a jelly's acid (5 damage)
             ... on level 4 of the Dungeon.
             The game lasted 00:06:38 (4919 turns).

Gelion the Sneak (Kobold Brigand)                   Turns: 4919, Time: 00:06:39

Health: 0/41       AC:  3    Str:  9    XL:     7   Next: 13%
Magic:  7/7        EV: 15    Int: 12    God:
Gold:   443        SH:  0    Dex: 18    Spells: 6/6 levels left

rFire   . . .      SeeInvis .   k - +1 dagger (elec)
rCold   . . .      Faith    .   (no shield)
rNeg    . . .      Spirit   .   b - +0 robe
rPois   .          Reflect  .   (no helmet)
rElec   .          Harm     .   c - +0 cloak
rCorr   +          Rampage  .   (no gloves)
Will    +....                   (no boots)
Stlth   +++++.....              (no amulet)
HPRegen 0.13/turn               n - ring of willpower
MPRegen 0.10/turn               m - ring of resist corrosion

@: no status effects
A: small, no large weapons, nightstalker 3
a: no special abilities


You were on level 4 of the Dungeon.
You visited 1 branch of the dungeon, and saw 4 of its levels.
You also visited: Ossuary.

You collected 443 gold pieces.

Inventory:

Hand Weapons
 k - a +1 dagger of electrocution (weapon)
Missiles
 d - 9 poisoned darts (quivered)
 e - 3 curare-tipped darts
Armour
 b - a +0 robe (worn)
 c - a +0 cloak (worn)
Jewellery
 m - a ring of resist corrosion (right hand)
 n - a ring of willpower (left hand)
Wands
 w - a wand of mindburst (4)
Scrolls
 f - 9 scrolls of identify {unknown}
 g - 5 scrolls of teleportation {unknown}
 i - 3 scrolls of blinking {unknown}
 j - 2 scrolls of noise {unknown}
 l - 2 scrolls of enchant weapon {unknown}
 p - a scroll of poison {unknown}
 t - a scroll of amnesia {unknown}
 u - a scroll of vulnerability {unknown}
 v - a scroll of torment {unknown}
Potions
 a - 2 potions of might
 h - a potion of ambrosia {unknown}
 o - 2 potions of heal wounds {unknown}
 q - a potion of magic {unknown}
 r - 3 potions of curing
 s - 3 potions of lignification {unknown}
 x - 3 potions of flight {unknown}
 z - a potion of resistance {unknown}
 A - 4 potions of brilliance {unknown}
 B - 3 potions of haste {unknown}
 C - a potion of cancellation {unknown}
 D - a potion of invisibility {unknown}


   Skills:
 + Level 3.5 Fighting
 * Level 5.4 Short Blades
 + Level 3.5 Throwing
 + Level 3.0 Dodging
 * Level 7.5 Stealth


You had 6 spell levels left.
You didn't know any spells.
Your spell library contained the following spells:

 Spells                   Type           Power      Damage    Failure   Level
 Portal Projectile        Hex/Tloc       0%         N/A       69%         3
 Tukima's Dance           Hex            0%         N/A       69%         3
 Animate Armour           Summ/Erth      0%         N/A       97%         4
 Passage of Golubria      Tloc           0%         N/A       97%         4
 Yara's Violent Unravell  Hex/Tmut       0%         3d3       100%        5
 Haunt                    Necr/Summ      0%         N/A       100%        7


Dungeon Overview and Level Annotations

Branches:
Dungeon (4/15)             Temple (0/1) D:4         Ossuary (visited)

Altars:


Innate Abilities, Weirdness & Mutations

You are small and have problems with some larger weapons.
You are completely attuned to the shadows.


Message History

You hit the jelly but do no damage.
Your hands burn!
The jelly hits you but does no damage.
You hit the jelly.
Your hands burn!
The jelly is lightly wounded.
The jelly closely misses you.
You hit the jelly.
Your hands burn!
The jelly is lightly wounded.
The jelly misses you.
You hit the jelly.
Your hands burn!
You punch the jelly.
The jelly is moderately wounded.
You hit the jelly.
Your hands burn!
The jelly is heavily wounded.
The jelly hits you.
You are splashed with acid.
You resist.
You hit the jelly.
Your hands burn!
The jelly is heavily wounded.
The jelly hits you but does no damage.
You hit the jelly.
Your hands burn!
The jelly is heavily wounded.
You hit the jelly.
Your hands burn!
The jelly is severely wounded.
The jelly hits you.
You are splashed with acid.
You resist.
You hit the jelly.
Your hands burn!
The jelly is severely wounded.
The jelly closely misses you.
You hit the jelly.
Your hands burn!
The jelly is severely wounded.
The jelly hits you.
* * * LOW HITPOINT WARNING * * *
You are splashed with acid.
You resist.
* * * LOW HITPOINT WARNING * * *
You hit the jelly.
Your hands burn!
* * * LOW HITPOINT WARNING * * *
The jelly is severely wounded.
You hit the jelly.
Your hands burn!
* * * LOW HITPOINT WARNING * * *
The jelly is severely wounded.
The jelly hits you.
* * * LOW HITPOINT WARNING * * *
You are splashed with acid.
You resist.
You die...

#.##................#
#>###..88~~≈≈~88..#.#
#.# ######~≈≈~###.#<#
#####~≈≈~~##.#.#
#....~~≈≈~.. #.#
#?..~≈≈~.. #.# #....
#.##~≈≈~~. ... .###.#.#
#J##~~≈≈~. ...#.#.#####
#@###~≈≈~.
.#..†............#
#~≈≈~# ..........#
########~≈≈~#
.##..#..#.# #~~≈≈~#
.[...#..#.# #~≈≈~~.
.###.#..#.# ##~≈≈~##
..##.##.#.########~~≈≈~#
.###.##.#.........~≈≈~~#
####.#....#######~~≈≈~##


You could see a jelly.

Vanquished Creatures
  A scorpion (D:4)
  2 orc priests
  Jessica (D:2)
  2 iguanas (D:4)
  An orc wizard (D:3)
  8 mummies (Ossuary)
  2 worms (D:3)
  2 dart slugs
  2 orcs (D:3)
  5 ball pythons
  7 endoplasms
  A giant cockroach (D:3)
  5 goblins
  4 hobgoblins
  13 jackals
  6 quokkas
  7 bats
  2 frilled lizards
  A gnoll zombie (Ossuary)
  A hobgoblin zombie (Ossuary)
  6 kobolds
  5 kobold zombies (Ossuary)
  An orc zombie (Ossuary)
  A rat (D:2)
86 creatures vanquished.

Notes
Turn   | Place    | Note
-------+----------+-------------------------------------------
     0 | D:1      | Gelion the Kobold Brigand began the quest for the Orb.
     0 | D:1      | Reached XP level 1. HP: 12/12 MP: 1/1
   396 | D:1      | Reached XP level 2. HP: 17/17 MP: 2/2
   637 | D:1      | Found a faded altar of an unknown god.
   839 | D:2      | Reached XP level 3. HP: 22/22 MP: 3/3
  1152 | D:2      | Noticed Jessica
  1162 | D:2      | Killed Jessica
  1163 | D:2      | Reached skill level 6 in Stealth
  1163 | D:2      | Reached XP level 4. HP: 16/27 MP: 4/4
  1674 | D:2      | Got the Anthology of Topological Accomplices
  2504 | D:3      | Reached XP level 5. HP: 32/32 MP: 5/5
  2521 | D:3      | HP: 1/32 [orc priest/nerve-wracking pain (12)]
  3200 | D:4      | Found a staircase to the Ecumenical Temple.
  3238 | D:4      | Found a sand-covered staircase.
  3246 | Ossuary  | Entered an ossuary
  3357 | Ossuary  | Reached XP level 6. HP: 37/37 MP: 6/6
  3793 | Ossuary  | Reached skill level 7 in Stealth
  4051 | Ossuary  | Reached skill level 5 in Short Blades
  4762 | D:4      | Reached XP level 7. HP: 41/41 MP: 7/7
  4919 | D:4      | Splashed by a jelly's acid

Illustrated notes

Levels and vault maps discovered:
D:1:      dpeg_arrival_tiny_j, layout_rooms,
          shapermc_ecumenical_altar_totnotflames
D:2:      layout_loops_ring, kennysheep_jessica_study
D:3:      layout_loops_corners
D:4:      wander_river, layout_loops_ring, lemuel_zombie_altar_yredelemnul,
          minmay_temple_entry_proselytizer, nicolae_ossuary_entry_ruins,
          minmay_misc_feat_doors, sigmund_edmund_badplayer, uniq_duvessa,
          uniq_menkaure

Skill      XL: |  1  2  3  4  5  6  7 |
---------------+----------------------+-----
Short Blades   | 3 4 5 |  5.4
Stealth        | 6 7 |  7.5
Dodging        | 2 3 |  3.0
Fighting       | 3 |  3.5
Throwing       | 3 |  3.5

Action                   |  1- 3 |  4- 6 |  7- 9 || total
-------------------------+-------+-------+-------++-------
Melee: Dagger            |    48 |   159 |    20 ||   227
       Punch             |       |     5 |     1 ||     6
Throw: Dart              |       |     2 |       ||     2
  Use: Potion            |       |     4 |       ||     4
 Stab: Sleeping          |    12 |    23 |       ||    35
Armor: Robe              |     9 |    20 |     3 ||    32
Dodge: Dodged            |    28 |    77 |     7 ||   112
